 Dungeon Sprint DCSS version 0.30-a0-618-gd6c86c23d0 (webtiles) character file.

Game seed: 14004246418133198878

77 NinjaNoafa the Changer (level 4, -1/50 HPs)
             Began as an Ogre Transmuter on Jan 10, 2023.
             Slain by a water elemental (12 damage)
             ... in the Dungeon (Sprint III: "The Ten Rune Challenge").
             The game lasted 00:02:04 (298 turns).

NinjaNoafa the Changer (Ogre Transmuter)             Turns: 298, Time: 00:02:05

Health: -1/50      AC:  3    Str: 14    XL:     4   Next: 34%
Magic:  10/11      EV:  9    Int: 16    God:
Gold:   20         SH:  0    Dex:  9    Spells: 12/13 levels left

rFire   . . .      SeeInvis .      - Unarmed
rCold   . . .      Faith    .    (no shield)
rNeg    . . .      Spirit   .    a - +0 robe
rPois   .          Reflect  .    (helmet currently unavailable)
rElec   .          Harm     .    (no cloak)
rCorr   .          Rampage  .    (gloves unavailable)
Will    .....      NoTele   +    (boots unavailable)
Stlth   +                        (no amulet)
HPRegen 0.28/turn                (no ring)
MPRegen 0.12/turn                (no ring)

@: appendages, hasted, very quick
A: horns 2, talons 2, large, unfitting armour, tough skin 1
a: End Transformation


You were in the Dungeon.
You had temporarily grown beastly horns and talons.
You visited 1 branch You collected 20 gold pieces.

Inventory:

Armour
 a - a +0 robe (worn)
Scrolls
 c - 2 scrolls of immolation {unknown}
 h - a scroll of blinking
 i - a scroll of poison {unknown}
 k - a scroll of identify
Potions
 b - 4 potions of mutation
 f - 2 potions of magic
 g - a potion of berserk rage
 j - 3 potions of flight


   Skills:
 - Level 5.0 Fighting
 - Level 1.7 Dodging
 - Level 2.6 Unarmed Combat
 - Level 5.0 Spellcasting
 + Level 5.7 Transmutations


You had 12 spell levels left.
You knew the following spells:

 Your Spells              Type           Power      Damage    Failure   Level
a - Beastly Appendage     Tmut           44%        N/A       1%          1

Your spell library contained the following spells:

 Spells                   Type           Power      Damage    Failure   Level
 Wereblood                Tmut           22%        N/A       2%          2
 Spider Form              Tmut/Pois      13%        N/A       14%         3
 Ice Form                 Ice/Tmut       13%        N/A       43%         4


Dungeon Overview and Level Annotations

Branches:
Dungeon (1/1)

Altars:


Innate Abilities, Weirdness & Mutations

You have temporarily grown beastly horns and talons.
You are too large for most types of armour.
You have tough skin. (AC +1)


Message History

i - a scroll labelled KULOB MO GEPEG;
b - 2 silvery potions (gained 1)
j - 2 potions of flight
Okay, then.
b - 3 silvery potions (gained 1)
c - 2 scrolls labelled WOIN ZUOFYI (gained 1)
k - 2 scrolls of identify;
b - 4 silvery potions (gained 1)
j - 3 potions of flight (gained 1)
Okay, then.
You now have 20 gold pieces (gained 5).
There is an open door here.
You open the door.
A water elemental comes into view.
As you read the scroll of identify, it crumbles to dust.
b - 4 potions of mutation
There is an open door to the Ecumenical Temple here.
Casting: Beastly Appendage (safe; 1% risk of failure)
Confirm with . or Enter, or press ? or * to list all spells.
You grow a pair of large bovine horns.
Your feet morph into talons.
The water elemental hits you!
The water elemental engulfs you in water!
You hit the water elemental but do no damage.
You claw the water elemental.
The water elemental is lightly damaged.
Your lungs strain for air!
The water elemental hits you!
You hit the water elemental.
The water elemental is moderately damaged.
Your lungs strain for air!
The water elemental hits you!
* * * LOW HITPOINT WARNING * * *
You feel much better.
Your lungs strain for air!
The water elemental hits you!
* * * LOW HITPOINT WARNING * * *
You slip free of the water engulfing you.
The water elemental attacks as you move away!
The water elemental hits you.
You gasp with relief as air once again reaches your lungs.
You feel yourself speed up. The water elemental hits you!
You die...

▓▓▓▓▓▓▓▓ ▓▓▓ <..#)..####
##.# ...#......#####..#
..##.......#..#..#
##.##.##...#..#..###+#+##
##.##.###..##'#..#.......
#.####.##..###..@E.⌠.....
.###..##..####...#...####
#.....##..###....#.⌠.#
###..##...##.....#...#
##..##....#.†....#+###
#..###..##.#.....# #..#
#..#####....# ▓▓▓▓ ▓▓▓▓
▓▓▓▓▓▓


You could see a water elemental.

Vanquished Creatures
  A scorpion (D)
  A human (D)
  An endoplasm (D)
  3 rats (D)
6 creatures vanquished.

Notes
Turn   | Place    | Note
-------+----------+-------------------------------------------
     0 | D        | NinjaNoafa the Ogre Transmuter began the quest for the Orb.
     0 | D        | Reached XP level 1. HP: 19/19 MP: 3/3
    61 | D        | Noticed a scorpion
    79 | D        | Reached skill level 5 in Fighting
    79 | D        | Reached XP level 2. HP: 13/35 MP: 6/6
   196 | D        | Killed a scorpion
   197 | D        | Reached skill level 5 in Spellcasting
   197 | D        | Reached skill level 5 in Transmutations
   197 | D        | Reached XP level 3. HP: 23/42 MP: 4/9
   197 | D        | Reached XP level 4. HP: 28/50 MP: 4/11
   290 | D        | Noticed a water elemental
   298 | D        | Slain by a water elemental

Illustrated notes

Levels and vault maps discovered:
D:        dungeon_sprint_mu [sprint_mu_entry_cave, sprint_mu_temple_rooms,
          sprint_mu_d1_horrors, sprint_mu_d2_genie, sprint_mu_d3_branching,
          sprint_mu_orc_legion, sprint_mu_elf_gauntlet, sprint_mu_hive_nellie,
          sprint_mu_lair_fedhas, sprint_mu_vaults_butterflies,
          sprint_mu_slime_circle, sprint_mu_swamp_cave, sprint_mu_snake_twists,
          sprint_mu_blade_basic, sprint_mu_crypt_fortress,
          sprint_mu_tomb_spiral, sprint_mu_vestibule_basic,
          sprint_mu_gehenna_hellfire, sprint_mu_dis_giant,
          sprint_mu_tartarus_statrot, sprint_mu_cocytus_islands, sprint_mu_zot1]

Skill      XL: |  1  2 |
---------------+-------+-----
Transmutations | 3 5 |  5.7
Fighting       | 5 |  5.0
Spellcasting   | 3 5 |  5.0
Dodging        | |  1.7
Unarmed Combat | |  2.6

Action                   |  1- 3 |  4- 6 || total
-------------------------+-------+-------++-------
Melee: Unarmed           |    26 |     2 ||    28
       Headbutt          |     4 |       ||     4
       Kick              |     2 |     1 ||     3
 Cast: Beastly Appendage |     4 |     1 ||     5
  Use: Potion            |     2 |     2 ||     4
       Scroll            |       |     1 ||     1
Armor: Skin              |     3 |       ||     3
       Robe              |     3 |     1 ||     4
Dodge: Dodged            |     9 |       ||     9

Table legend: (Time is in decaauts)
 A = Elapsed time spent in this place.
 B = Non-inter-level travel time spent in this place.
 C = Inter-level travel time spent in this place.
 D = Time resting spent in this place.
 E = Time spent auto-exploring this place.
 F = Levels seen in this place.
 G = Mean time per level.
                   A        B        C        D        E       F      G
               +--------+--------+--------+--------+--------+-----+--------+
         Total |    296 |    296 |      0 |     74 |    156 |   1 |  296.0 |
       Dungeon |    296 |    296 |      0 |     74 |    156 |   1 |  296.0 |
               +--------+--------+--------+--------+--------+-----+--------+

Top non-repeatable levels by time:
       D: 296 daAuts
